 Dungeon Crawl Stone Soup version 0.27-a0-1193-g8631133539 (webtiles) character file.

Game seed: 11379220225407650283

12 dolemite99 the Chopper (level 2, 21/26 HPs)
             Began as a Minotaur Monk on May 27, 2021.
             Was a Believer of Vehumet.
             Quit the game on level 1 of the Dungeon.
             The game lasted 00:00:45 (259 turns).

dolemite99 the Chopper (Minotaur Monk)               Turns: 259, Time: 00:00:45

Health: 21/26      AC:  2    Str: 15    XL:     2   Next: 20%
Magic:  1/1        EV: 12    Int:  7    God:    Vehumet [**....]
Gold:   11         SH:  0    Dex: 12    Spells: 1/1 levels left

rFire    . . .     SeeInvis .   a - +0 hand axe
rCold    . . .     Faith    .   (no shield)
rNeg     . . .     Spirit   .   b - +0 robe
rPois    .         Reflect  .   (helmet restricted)
rElec    .         Harm     .   (no cloak)
rCorr    .         Rampage  .   (no gloves)
Will     .....                  (no boots)
Stlth    ++........             (no amulet)
HPRegen  0.08/turn              (no ring)
MPRegen  0.07/turn              (no ring)

@: no status effects
A: horns 2, retaliatory headbutt
a: Renounce Religion


You were on level 1 of the Dungeon.
You worshipped Vehumet.
Vehumet was pleased with you.
You visited 1 branch of the dungeon, and saw 1 of its levels.

You collected 11 gold pieces.

Inventory:

Hand Weapons
 a - a +0 hand axe (weapon)
Missiles
 d - a throwing net (quivered)
 e - 22 arrows
Armour
 b - a +0 robe (worn)
Scrolls
 c - a scroll of identify {unknown}


   Skills:
 - Level 3.6 Fighting
 + Level 4.5 Axes
 - Level 3.2 Dodging
 - Level 1.5 Stealth


You had one spell level left.
You didn't know any spells.
Your spell library was empty.

Dungeon Overview and Level Annotations

Branches:
Dungeon (1/15)

Altars:
Vehumet


Innate Abilities, Weirdness & Mutations

You have a pair of horns on your head.
You reflexively headbutt those who attack you in melee.


Message History

You have reached level 2!
You see here a hobgoblin corpse.
Things that are here:
a +0 club; a goblin corpse
Found 21 stones.
Found a stone staircase leading down.
Found a stone staircase leading down.
There is a stone staircase leading down here.
You see here 21 stones.
Found 22 arrows.
A rat and a dart slug come into view.
The dart slug launches a dart at you. The slug dart hits you.
You hit the rat.
You kill the rat!
Vehumet accepts your kill.
You hit the dart slug but do no damage. You headbutt the dart slug.
The dart slug is moderately wounded.
The dart slug bites you but does no damage.
You barely miss the dart slug.
The dart slug is lightly wounded.
The dart slug launches a dart at you. The slug dart misses you.
You hit the dart slug.
The dart slug is moderately wounded.
The dart slug bites you.
You barely miss the dart slug. You headbutt the dart slug!
You kill the dart slug!
Vehumet accepts your kill.
A frilled lizard comes into view.
A bat comes into view.
You see here 22 arrows.
e - 22 arrows The frilled lizard hisses angrily.
You slash the frilled lizard!
You kill the frilled lizard!
Vehumet accepts your kill.
No target in view!
No target in view!
No target in view!
Are you sure you want to abandon this character and quit the game? (Confirm with "yes".)

#### .. ##..## ..... #
##....## .....
#..##......##....
#....@..........#
#....###......#.#
#....##..†...##
#.......#....#
#......†.....#... ..#
#.....###..#...#. #.#
....#.###..#..#..###..
##
.......##...#b.........
#.#########....#.#
.#.#.....


There were no monsters in sight!

Vanquished Creatures
  2 dart slugs (D:1)
  A bat (D:1)
  A goblin (D:1)
  A hobgoblin (D:1)
  2 frilled lizards (D:1)
  2 rats (D:1)
9 creatures vanquished.

Vanquished Creatures (others)
  2 fungi (D:1)
  3 plants (D:1)
5 creatures vanquished.

Grand Total: 14 creatures vanquished

Notes
Turn   | Place    | Note
-------+----------+-------------------------------------------
     0 | D:1      | dolemite99 the Minotaur Monk began the quest for the Orb.
     0 | D:1      | Reached XP level 1. HP: 19/19 MP: 0/0
   138 | D:1      | Reached skill level 4 in Axes
   167 | D:1      | Found a faded altar of an unknown god.
   178 | D:1      | Became a worshipper of Vehumet
   178 | D:1      | Reached * piety under Vehumet
   178 | D:1      | Offered knowledge of Foxfire by Vehumet.
   178 | D:1      | Reached ** piety under Vehumet
   196 | D:1      | Reached XP level 2. HP: 25/26 MP: 1/1
   259 | D:1      | Quit the game

Illustrated notes

Levels and vault maps discovered:
D:1:      scummos_arrival_gate, layout_rooms, shapermc_ecumenical_altar_gd,
          minivault_19

Skill      XL: |  1 |
---------------+----+-----
Axes           | 4 |  4.5
Fighting       | |  3.6
Dodging        | |  3.2
Stealth        | |  1.5

Action                   || total
-------------------------++-------
Melee: Hand axe          ||    19
       Headbutt          ||     6
Armor: Robe              ||     5
Dodge: Dodged            ||     7

Table legend: (Time is in decaauts)
 A = Elapsed time spent in this place.
 B = Non-inter-level travel time spent in this place.
 C = Inter-level travel time spent in this place.
 D = Time resting spent in this place.
 E = Time spent auto-exploring this place.
 F = Levels seen in this place.
 G = Mean time per level.
                   A        B        C        D        E       F      G
               +--------+--------+--------+--------+--------+-----+--------+
         Total |    260 |    260 |      0 |      8 |    152 |   1 |  260.0 |
       Dungeon |    260 |    260 |      0 |      8 |    152 |   1 |  260.0 |
               +--------+--------+--------+--------+--------+-----+--------+

Top non-repeatable levels by time:
     D:1: 260 daAuts
